 Dungeon Crawl Stone Soup version 0.31.0-32-g396128a36d (webtiles) character file.

Game seed: 10717349584068283602

637 suse60 the Ducker (level 7, -7/67 HPs)
             Began as a Troll Gladiator on Apr 4, 2024.
             Succumbed to Edmund's poison
             ... on level 4 of the Dungeon.
             The game lasted 00:16:21 (3103 turns).

suse60 the Ducker (Troll Gladiator)                 Turns: 3103, Time: 00:16:21

Health: -7/67      AC:  4    Str: 25    XL:     7   Next: 25%
Magic:  6/6        EV: 11    Int:  4    God:
Gold:   137        SH:  0    Dex: 11    Spells: 6/6 levels left

rFire   . .          .
                       - Unarmed
rCold   . . .        (no shield)
rNeg    . . .        a - +0 robe
rPois   .            b - +0 hat
rElec   .            (no cloak)
rCorr   .            (gloves unavailable)
SInv    .            (boots unavailable)
Will    .....        (no amulet)
Stlth   +            (no ring)
HPRegen 1.11/turn    (no ring)
MPRegen 0.10/turn

%: no passive effects
@: lethally poisoned (-7 -> -39), studying Dodging
A: large, unfitting armour, claws 3, regeneration 1, shaggy fur 1, tough skin 1
a: no special abilities


You were on level 4 of the Dungeon.
You visited 1 branch of the dungeon, and saw 4 of its levels.

You collected 137 gold pieces.

Inventory:

Missiles
 c - 2 throwing nets
Armour
 a - a +0 robe (worn)
 b - a +0 hat (worn)
Talismans
 h - a dragon-blood talisman
 k - a blade talisman
 p - a beast talisman
Scrolls
 l - a scroll of enchant weapon
Potions
 f - a potion of curing
 g - a potion of degeneration {unknown}
 i - 2 potions of lignification {unknown}
 j - a potion of enlightenment {unknown}
 m - a potion of heal wounds {unknown}
 n - a potion of might {unknown}
 o - a potion of mutation {unknown}
 q - a potion of brilliance {unknown}


   Skills:
 + Level 3.3 Fighting
 + Level 3.6 Throwing
 + Level 4.7 Dodging
 + Level 4.5 Unarmed Combat
 + Level 2.8 Shapeshifting


You had 6 spell levels left.
You didn't know any spells.
Your spell library contained the following spells:

 Spells                   Type           Power      Damage    Failure   Level
 Apportation              Tloc           0%         N/A       50%         1
 Necrotise                Necr           0%         1d4       50%         1
 Sting                    Conj/Alch      0%         1d3       50%         1
 Summon Small Mammal      Summ           0%         N/A       50%         1
 Volatile Blastmotes      Fire/Tloc      0%         2d10      86%         3
 Fulminant Prism          Conj/Alch      0%         3d5       99%         4
 Iskenderun's Mystic Bla  Conj/Tloc      0%         2d3       99%         4


Dungeon Overview and Level Annotations

Branches:
Dungeon (4/15)
 Temple: D:4-7

Altars:
Elyvilon
Hepliaklqana
Trog
Yredelemnul

Shops:
D:3 [

Annotations:
D:4 Edmund, Eustachio


Innate Abilities, Weirdness & Mutations

You are too large for most types of armour.
You have claws for hands.
Your natural rate of healing is unusually fast.
You are covered in fur. (AC +1)
You have tough skin. (AC +1)


Message History

Edmund hits you with a +2 flail of venom.
You are poisoned.
You scratch Edmund.
Edmund is heavily wounded.
You feel very sick.
Edmund hits you with a +2 flail of venom!
You closely miss Edmund.
Edmund is heavily wounded.
You feel sick.
Edmund hits you with a +2 flail of venom!
You claw Edmund! Your claw misses Edmund.
Edmund is almost dead.
You feel sick. Edmund barely misses you.
You barely miss Edmund.
Edmund is almost dead.
You feel sick. Edmund misses you.
You scratch Edmund but do no damage.
Edmund is almost dead.
You feel sick.
Edmund hits you with a +2 flail of venom!
You are more poisoned.
You scratch Edmund but do no damage.
Edmund is almost dead.
You feel very sick.
You scratch Edmund.
Edmund is almost dead.
You feel sick.
Edmund hits you with a +2 flail of venom!
* * * LOW HITPOINT WARNING * * *
You are lethally poisoned!
You barely miss Edmund.
Edmund is almost dead.
* * * LOW HITPOINT WARNING * * *
You feel extremely sick.
Edmund hits you with a +2 flail of venom!
* * * LOW HITPOINT WARNING * * *
You are more poisoned.
You scratch Edmund but do no damage.
Edmund is almost dead.
You die...

.##.# #..<.# #
#.#.. ......
#.###....# #).#...
......# #.....####
###.†.. >......
#.##### #####
....... #.##
###)... .......
#..# #..#[..
....... ##.#####
###)#..
.......##..>...##
##.#.
.......(@@.......#
...#
.....####[...(...#
###.. ###
#......#.# ...
######## # .#. . #


You could see Edmund.

Vanquished Creatures
  Grinder (D:3)
  A water moccasin (D:4)
  A scorpion (D:4)
  A bombardier beetle (D:4)
  3 hounds
  Robin (D:3)
  3 gnolls (D:2)
  An adder (D:2)
  6 dart slugs
  A ribbon worm (D:2)
  2 orcs
  5 bats
  6 endoplasms
  3 giant cockroaches (D:1)
  10 hobgoblins
  3 jackals (D:4)
  4 quokkas
  5 ball pythons
  2 frilled lizards
  16 goblins
  5 kobolds
  6 rats
86 creatures vanquished.

Notes
Turn   | Place    | Note
-------+----------+-------------------------------------------
     0 | D:1      | suse60 the Troll Gladiator began the quest for the Orb.
     0 | D:1      | Reached XP level 1. HP: 19/19 MP: 0/0
   192 | D:1      | Reached XP level 2. HP: 28/28 MP: 1/1
   389 | D:1      | Identified a scroll of acquirement
   389 | D:1      | Acquired a manual of Dodging
   689 | D:2      | Reached XP level 3. HP: 35/35 MP: 2/2
  1395 | D:2      | Reached skill level 1 in Shapeshifting
  1395 | D:2      | Reached XP level 4. HP: 21/42 MP: 3/3
  1923 | D:3      | Found a basalt altar of Yredelemnul.
  1939 | D:3      | Noticed Grinder
  1955 | D:3      | Killed Grinder
  1956 | D:3      | Reached XP level 5. HP: 52/52 MP: 4/4
  1956 | D:3      | Reached XP level 6. HP: 59/59 MP: 5/5
  2016 | D:3      | Found a white marble altar of Elyvilon.
  2081 | D:3      | Noticed Robin
  2106 | D:3      | Killed Robin
  2115 | D:3      | Found a faded altar of an unknown god.
  2163 | D:3      | Found Saeduh's Antique Armour Shop.
  2422 | D:3      | Found a bloodstained altar of Trog.
  2423 | D:3      | Found a hazy altar of Hepliaklqana.
  2744 | D:4      | Noticed a water moccasin
  2763 | D:4      | Killed a water moccasin
  2776 | D:4      | Noticed Eustachio
  2903 | D:4      | Reached XP level 7. HP: 64/67 MP: 6/6
  3090 | D:4      | Noticed Edmund
  3102 | D:4      | HP: 1/67 [Edmund/+2 flail of venom (11)]
  3103 | D:4      | Succumbed to Edmund's poison

Illustrated notes

Levels and vault maps discovered:
D:1:      tarquinn_simple_flora_water_f, layout_loops_cross
D:2:      layout_basic, serial_forest, infiniplex_forest_straight_2,
          infiniplex_forest_straight_2, infiniplex_forest_straight_2,
          infiniplex_forest_clump_long, infiniplex_forest_lined_room_2,
          infiniplex_forest_clump_curved, infiniplex_forest_pool,
          infiniplex_forest_straight_5
D:3:      layout_basic, kennysheep_ying_yang, mainiacjoe_overflow_divided_tiny,
          serial_shops, nicolae_shop_real_fake_doors,
          ebering_ecumenical_altar_box, kennysheep_generic_room_14,
          uniq_grinder, uniq_robin
D:4:      layout_rooms, minmay_increasing_density, uniq_edmund, uniq_eustachio

Skill      XL: |  1  2  3  4  5  6 |
---------------+-------------------+-----
Throwing       | 2 3 |  3.6
Fighting       | 2 3 |  3.3
Dodging        | 3 4 |  4.7
Shapeshifting  | 1 2 |  2.8
Unarmed Combat | 4 |  4.5

Action                     |  1- 3 |  4- 6 |  7- 9 || total
---------------------------+-------+-------+-------++-------
  Melee: Unarmed           |   100 |   117 |    34 ||   251
         Punch             |       |     2 |       ||     2
  Throw: Throwing net      |     2 |     3 |       ||     5
         Large rock        |       |     2 |     1 ||     3
    Use: Scroll            |     5 |     3 |       ||     8
         Potion            |       |     1 |       ||     1
   Stab: Held in net/web   |     1 |     1 |       ||     2
         Sleeping          |     1 |     2 |       ||     3
 Armour: Robe              |    44 |    52 |    25 ||   121
  Dodge: Dodged            |    32 |    56 |    10 ||    98
         Form:             |       |     1 |       ||     1
         Beast             |       |     1 |       ||     1
